 Dungeon Crawl Stone Soup version 0.20.0-1-g1cb1d84 (webtiles) character file.

37855 nikopol the Spear-Bearer (level 13, -6/119 HPs)
             Began as a Minotaur Berserker on May 26, 2017.
             Was a High Priest of Trog.
             Mangled by a hornet (11 damage)
             ... while paralysed by a hornet
             ... on level 6 of the Lair of Beasts.
             The game lasted 00:46:01 (16193 turns).

nikopol the Spear-Bearer (Minotaur Berserker)      Turns: 16193, Time: 00:46:02

Health: -6/119     AC: 17    Str: 26    XL:     13   Next: 60%
Magic:  12/12      EV:  2    Int:  4    God:    Trog [*****.]
Gold:   801        SH:  0    Dex: 15    Spells: 12/12 levels left

rFire    . . .     SeeInvis +   z - +0 shortbow (freeze)
rCold    + + +     Gourm    .   (shield currently unavailable)
rNeg     + . .     Faith    .   g - +1 scale mail "Muxaba" {rC++ Str+4}
rPois    .         Spirit   .   j - +0 hat of Restlessness {rElec rC+ SInv}
rElec    +         Reflect  .   q - +2 cloak
rCorr    .         Harm     .   t - +0 pair of gloves
MR       .....                  (no boots)
Stlth    +.........             (no amulet)
Regen    0.3/turn               C - ring of positive energy
MPRegen  0.2/turn               N - +3 ring of protection

@: paralysed, lethally poisoned (-6 -> -7), about to teleport, slowed
A: retaliatory headbutt, horns 2
a: Berserk, Trog's Hand, Brothers in Arms, Burn Spellbooks, Renounce Religion


You were on level 6 of the Lair of Beasts.
You worshipped Trog.
Trog was extremely pleased with you.
You were hungry.

You visited 2 branches of the dungeon, and saw 16 of its levels.
You also visited: Labyrinth.

You collected 801 gold pieces.

Inventory:

Hand Weapons
 a - the +8 trident of the Forgotten Planets {venom, +Inv rN+ MR+}
   (You found it on level 9 of the Dungeon)

   It poisons the flesh of those it strikes.
   It protects you from negative energy.
   It affects your resistance to hostile enchantments.
   It lets you turn invisible.
 z - a +0 shortbow of freezing (weapon)
 L - the +7 flail "Atiolar" {crush, Int+2}
   (You found it on level 8 of the Dungeon)

   It inflicts extra damage upon your enemies.
   It affects your intelligence (+2).
 Q - a +4 bardiche
Missiles
 K - 131 arrows (quivered)
Armour
 g - the +1 scale mail "Muxaba" (worn) {rC++ Str+4}
   (You found it on level 6 of the Lair of Beasts)

   It affects your strength (+4).
   It greatly protects you from cold.
 j - the +0 hat of Restlessness (worn) {rElec rC+ SInv}
   (You acquired it on level 1 of the Lair of Beasts)

   It protects you from cold.
   It insulates you from electricity.
   It lets you see invisible.
 q - a +2 cloak (worn)
 t - a +0 pair of gloves (worn)
 W - a +3 scale mail of fire resistance
Jewellery
 C - a ring of positive energy (left hand)
 F - a +4 ring of slaying {unknown}
 N - a +3 ring of protection (right hand)
Wands
 l - a wand of iceblast (11/15)
 A - a wand of flame (36/48)
 B - a wand of iceblast (2/15)
 P - a wand of scattershot (1/9)
 T - a wand of disintegration (12/24)
Scrolls
 b - 2 scrolls of magic mapping
 e - 3 scrolls of fear
 m - 3 scrolls of blinking
 r - 10 scrolls of remove curse
 v - 4 scrolls of recharging
 x - a scroll of enchant weapon {unknown}
 y - 5 scrolls of teleportation
 I - 3 scrolls of fog
 M - a scroll of enchant armour {unknown}
Potions
 d - 5 potions of might
 k - 2 potions of haste
 n - 2 potions of cancellation
 p - 4 potions of heal wounds
 u - 3 potions of flight {unknown}
 w - a potion of resistance {unknown}
 D - 3 potions of magic {unknown}
 E - 4 potions of curing
 G - 3 potions of ambrosia {unknown}
 H - a potion of agility {unknown}
 J - a potion of invisibility {unknown}
Comestibles
 c - 3 bread rations
 f - 9 meat rations
 h - 15 fruits
 i - 21 royal jellies


   Skills:
 + Level 12.7 Fighting
   Level 10.1(13.1) Axes
 * Level 13.6(14.7) Polearms
 + Level 13.2 Bows
 + Level 10.2 Armour
 + Level 6.2 Dodging
 + Level 2.2 Stealth


You had 12 spell levels left.
You didn't know any spells.

Dungeon Overview and Level Annotations

Branches:
Dungeon (10/15)            Temple (0/1) D:4            Lair (6/6) D:9
 Shoals (0/4) Lair:4       Spider (0/4) Lair:3        Slime (0/5) Lair:6
    Orc: D:9-12

Altars:
Ashenzari
Makhleb
Okawaru
The Shining One


Innate Abilities, Weirdness & Mutations

You reflexively headbutt those who attack you in melee.
You have a pair of horns on your head.


Message History

z - a +0 shortbow of freezing (weapon)
A hornet comes into view.
The hornet buzzes angrily.
The hornet moves out of view.
A crocodile comes into view.
A wyvern and a torpor snail come into view.
You feel sick.
The torpor snail moves out of view.
The wyvern bites you!
* * * LOW HITPOINT WARNING * * *
As you read the scroll of teleportation, it crumbles to dust.
You feel strangely unstable. The hornet stings you!
* * * LOW HITPOINT WARNING * * *
You feel yourself slow down.
The wyvern bites you but does no damage.
The hornet stings you.
* * * LOW HITPOINT WARNING * * *
You suddenly lose the ability to move!
The wyvern bites you but does no damage.
The hornet stings you!
You die...

.# ##...#.........
..P###....#.....PPP
......#..PP.#...PP#
............##...#
.................#####
...........t.##......#########
.....P##P.P...#..#.#.........#
P#.PP.#...P...y####........÷##
.....##....##l@# ##.#.....†#
.....#....###..# ####....##
....##...##....#### #)./.#
....#...##....†.#.# #...##
##..##.....(...# ##..##
#.[##......(...######...# ##
#..#.....###...##.#....## #.
##.....###.....†.......####P
#[..###........P...........


You could see a hornet, a crocodile and a wyvern.

Vanquished Creatures
  The ghost of Gorglomux the Cleaver, a journeyman MiWr of Okawaru (Lair:5)
  A minotaur (Lab)
  2 hydras
  Erica (Lair:1)
  3 two-headed ogres
  The ghost of puimuR the Severer, a novice HOBe of Trog (D:9)
  An oklob plant (Lair:3)
  A wolf spider (Lair:6)
  A cyclops (D:8)
  A merfolk siren (Lair:4)
  A guardian serpent (Lair:6)
  6 black mambas
  7 spiny frogs
  2 torpor snails (Lair:2)
  6 komodo dragons
  2 rime drakes (Lair:4)
  The ghost of Haldmier the Cutter, a novice KoHu (D:4)
  A polar bear (Lair:5)
  6 hornets
  A queen bee (D:9)
  A troll (D:9)
  3 slime creatures (Lair:6)
  Prince Ribbit (D:7)
  3 dream sheep (Lair:2)
  5 hippogriffs
  21 blink frogs
  3 shadows (Lab)
  3 wyverns
  2 redbacks (Lair:6)
  31 yaks
  4 basilisks
  5 hungry ghosts
  A soldier ant (D:9)
  10 porcupines
  13 water moccasins
  An ice beast (D:8)
  2 sky beasts
  An orc warrior (D:9)
  An eye of draining (D:9)
  4 ogres
  A phantom (D:7)
  6 wolves (Lair:6)
  2 centaurs
  8 crocodiles
  11 bullfrogs
  2 gnoll sergeants
  4 scorpions
  34 killer bees
  A howler monkey (D:4)
  An electric eel (Lair:3)
  A centaur zombie (D:9)
  A crimson imp (D:6)
  A bullfrog zombie (D:9)
  A quasit (D:9)
  3 hounds
  2 jellies
  2 orc priests
  3 orc wizards
  Crazy Yiuf (D:2)
  A bullfrog skeleton (D:9)
  2 iguanas
  6 worker ants
  A hound zombie (D:5)
  2 hound skeletons (D:7)
  A howler monkey zombie (D:8)
  12 gnolls
  2 howler monkey skeletons
  9 adders
  A shadow imp (D:8)
  2 oozes
  A worm (D:2)
  4 leopard geckos
  14 orcs
  9 giant cockroaches
  5 goblins
  4 hobgoblins
  21 jackals
  4 quokkas
  3 ball pythons (D:3)
  A ball python skeleton (D:5)
  6 bats
  7 frilled lizards
  10 kobolds
  2 leopard gecko skeletons
  2 quokka skeletons
  6 rats
  2 rat zombies (D:7)
  6 fungi
  6 plants
398 creatures vanquished.

Vanquished Creatures (others)
  2 bushes (Lair:6)
  37 fungi
  54 plants
93 creatures vanquished.

Grand Total: 491 creatures vanquished

Notes
Turn   | Place    | Note
-------+----------+-------------------------------------------
     0 | D:1      | nikopol the Minotaur Berserker began the quest for the Orb.
     0 | D:1      | Reached XP level 1. HP: 19/19 MP: 0/0
   131 | D:1      | Reached XP level 2. HP: 27/27 MP: 1/1
   570 | D:2      | Found a runed door.
   574 | D:2      | Noticed Crazy Yiuf
   579 | D:2      | Killed Crazy Yiuf
   579 | D:2      | Reached XP level 3. HP: 33/33 MP: 2/2
   793 | D:2      | Reached ** piety under Trog
   908 | D:2      | Reached XP level 4. HP: 41/41 MP: 3/3
   967 | D:2      | Found an iron altar of Okawaru.
   967 | D:2      | Found a glowing golden altar of the Shining One.
  1600 | D:3      | Reached *** piety under Trog
  1626 | D:3      | Reached skill level 5 in Axes
  1626 | D:3      | Reached XP level 5. HP: 19/47 MP: 4/4
  2382 | D:4      | Reached skill level 5 in Fighting
  2387 | D:4      | Noticed Haldmier's ghost (novice KoHu)
  2399 | D:4      | Killed Haldmier's ghost
  2399 | D:4      | Reached skill level 1 in Stealth
  2399 | D:4      | Reached XP level 6. HP: 56/56 MP: 5/5
  2424 | D:4      | Found a staircase to the Ecumenical Temple.
  2886 | D:5      | Entered Level 5 of the Dungeon
  2917 | D:5      | Reached XP level 7. HP: 61/61 MP: 6/6
  3203 | D:5      | Found a shattered altar of Ashenzari.
  4217 | D:6      | Reached skill level 5 in Armour
  4899 | D:7      | Reached skill level 1 in Bows
  5028 | D:7      | Reached **** piety under Trog
  5519 | D:7      | Found a shattered altar of Ashenzari.
  5621 | D:7      | Reached XP level 8. HP: 60/70 MP: 7/7
  5634 | D:7      | Noticed Prince Ribbit
  5927 | D:7      | Killed Prince Ribbit
  5927 | D:7      | Reached skill level 5 in Bows
  6274 | D:8      | Reached XP level 9. HP: 74/78 MP: 8/8
  6371 | D:8      | Reached ***** piety under Trog
  6470 | D:8      | Got a steaming flail
  6471 | D:8      | Noticed a two-headed ogre
  6481 | D:8      | Killed a two-headed ogre
  6481 | D:8      | Received a gift from Trog
  6696 | D:8      | Noticed a two-headed ogre
  6707 | D:8      | Killed a two-headed ogre
  6876 | D:8      | Noticed a cyclops
  6891 | D:8      | Killed a cyclops
  6891 | D:8      | Reached XP level 10. HP: 33/88 MP: 9/9
  7361 | D:9      | Noticed puimuR's ghost (novice HOBe)
  7369 | D:9      | Killed puimuR's ghost
  7442 | D:9      | Noticed a two-headed ogre
  7461 | D:9      | Killed a two-headed ogre
  7461 | D:9      | Received a gift from Trog
  7461 | D:9      | Reached skill level 10 in Axes
  7461 | D:9      | Reached skill level 10 in Bows
  7532 | D:9      | Got a smoking trident
  7533 | D:9      | Identified the +7 flail "Atiolar" {crush, Int+2} (You found it on level 8 of the Dungeon)
  7534 | D:9      | Identified the +8 trident of the Forgotten Planets {venom, +Inv rN+ MR+} (You found it on level 9 of the Dungeon)
  7774 | D:9      | Reached skill level 1 in Polearms
  8174 | D:9      | Reached skill level 5 in Dodging
  8239 | D:9      | You fall through a shaft!
  8239 | D:10     | Entered Level 10 of the Dungeon
  8326 | D:9      | Received a gift from Trog
  8339 | D:9      | Reached skill level 5 in Polearms
  8339 | D:9      | Reached XP level 11. HP: 60/97 MP: 10/10
  8885 | D:9      | Found a staircase to the Lair.
  8990 | Lair:1   | Entered Level 1 of the Lair of Beasts
  8998 | Lair:1   | Found a labyrinth entrance.
  9007 | Lab      | Entered a labyrinth
  9339 | Lab      | Received a gift from Trog
  9508 | Lab      | Noticed a minotaur
  9514 | Lab      | Killed a minotaur
  9594 | Lair:1   | Identified a scroll of acquirement
  9595 | Lair:1   | Got a faintly glowing hat
  9601 | Lair:1   | Identified the +0 hat of Restlessness {rElec rC+ SInv} (You acquired it on level 1 of the Lair of Beasts)
  9750 | Lair:1   | Reached skill level 10 in Fighting
  9880 | Lair:1   | Noticed Erica
  9893 | Lair:1   | Killed Erica
 10491 | Lair:2   | Reached skill level 10 in Polearms
 10720 | Lair:2   | Reached XP level 12. HP: 49/107 MP: 11/11
 11198 | Lair:2   | Noticed a five-headed hydra
 11211 | Lair:2   | Killed a five-headed hydra
 11488 | Lair:3   | Found a hole to the Spider Nest.
 11567 | Lair:3   | Found a burning altar of Makhleb.
 12328 | Lair:4   | Received a gift from Trog
 13152 | Lair:4   | Found a staircase to the Shoals.
 13800 | Lair:5   | Noticed Gorglomux's ghost (journeyman MiWr)
 13835 | Lair:5   | Killed Gorglomux's ghost
 14095 | Lair:5   | Reached XP level 13. HP: 96/117 MP: 12/12
 14927 | Lair:6   | Entered Level 6 of the Lair of Beasts
 14945 | Lair:6   | Found a staircase to the Slime Pits.
 14957 | Lair:6   | Got a transparent scale mail
 14968 | Lair:6   | Identified the +1 scale mail "Muxaba" {rC++ Str+4} (You found it on level 6 of the Lair of Beasts)
 14994 | Lair:6   | Reached skill level 10 in Armour
 15431 | Lair:6   | Received a gift from Trog
 15684 | Lair:6   | Paralysed by a hornet for 3 turns
 16192 | Lair:6   | HP: 4/119 [hornet (5)]
 16192 | Lair:6   | Paralysed by a hornet for 2 turns
 16193 | Lair:6   | Mangled by a hornet

Skill      XL: |  1  2  3  4  5  6  7  8  9 10 11 12 13 |
---------------+----------------------------------------+-----
Armour         | 3 4 5 6 7 9 10 | 10.2
Axes           | 4 5 6 7 8 9 10 | 10.1
Fighting       | 4 5 6 8 9 10 11 12 | 12.7
Dodging        | 3 4 5 6 |  6.2
Stealth        | 1 2 |  2.2
Bows           | 2 6 9 10 12 13 | 13.2
Polearms       | 5 10 12 13 | 13.6

Action                   |  1- 3 |  4- 6 |  7- 9 | 10-12 | 13-15 || total
-------------------------+-------+-------+-------+-------+-------++-------
Melee: Hand axe          |    50 |   115 |    59 |       |       ||   224
       Headbutt          |     8 |    20 |    33 |   126 |    24 ||   211
       War axe           |       |       |   105 |    41 |       ||   146
       Trident           |       |       |       |   489 |   143 ||   632
 Fire: Shortbow          |       |       |   167 |   293 |   178 ||   638
Invok: Berserk           |     1 |     1 |     5 |     4 |     1 ||    12
       Burn Spellbooks   |       |     1 |     1 |     2 |       ||     4
  Use: Scroll            |       |       |    10 |    14 |     1 ||    25
  Eat: Chunk             |     1 |     7 |    15 |    23 |     5 ||    51
       Royal jelly       |       |       |     1 |     3 |     1 ||     5
       Bread ration      |       |       |       |     1 |       ||     1
Armor: Animal skin       |     5 |       |       |       |       ||     5
       Ring mail         |    10 |    41 |    77 |       |       ||   128
       Ice dragon scales |       |       |    15 |   129 |       ||   144
       Scale mail        |       |       |       |    58 |    35 ||    93
Dodge: Dodged            |    39 |    80 |   160 |   224 |    69 ||   572
